 Dungeon Crawl Stone Soup version 0.29.1-13-g9f3cf754e1 (webtiles) character file.

Game seed: 9139407384722327038

3898 sankara the Thaumaturge (level 10, -5/73 HPs)
             Began as a Mummy Necromancer on Feb 7, 2023.
             Was an Initiate of Gozag.
             Slain by a two-headed ogre
             ... wielding a +0 giant club
              (36 damage)
             ... on level 8 of the Dungeon on Feb 8, 2023.
             The game lasted 01:01:35 (11659 turns).

sankara the Thaumaturge (Mummy Necromancer)        Turns: 11659, Time: 01:01:35

Health: -5/73      AC:  3    Str: 12    XL:     10   Next: 0%
Magic:  1/22       EV: 17    Int: 19    God:    Gozag
Gold:   1274       SH:  0    Dex: 12    Spells: 10/26 levels left

rFire   . . .      SeeInvis .   a - +3 dagger (venom)
rCold   + . .      Faith    .   (no shield)
rNeg    + + +      Spirit   .   c - +0 robe
rPois   ∞          Reflect  .   (no helmet)
rElec   .          Harm     .   p - +0 cloak
rCorr   .          Rampage  .   (no gloves)
Will    +....                   (no boots)
Stlth   +++.......              s - amulet of the acrobat
HPRegen 0.22/turn               z - ring of protection from fire
MPRegen 0.18/turn               j - +4 ring of evasion

@: no status effects
A: cold resistance 1, negative energy resistance 3, torment resistance 2, heat
vulnerability 1, in touch with death 1, no potions
a: Renounce Religion, Potion Petition, Call Merchant, Bribe Branch


You were on level 8 of the Dungeon.
You worshipped Gozag.
Gozag was most pleased with you.
You visited 2 branches of the dungeon, and saw 9 of its levels.
You also visited: Sewer and Ossuary.

You collected 1460 gold pieces.
You paid 186 gold pieces to Gozag.

Inventory:

Hand Weapons
 a - a +3 dagger of venom (weapon)
 x - a +0 broad axe
Missiles
 d - 15 poisoned darts (quivered)
 k - 10 boomerangs
 l - 5 silver boomerangs
 v - 2 throwing nets
 B - a curare-tipped dart
Armour
 c - a +0 robe (worn)
 p - a +0 cloak (worn)
Magical Staves
 g - a staff of earth
 t - a staff of air
Jewellery
 e - a ring of wizardry
 j - a +4 ring of evasion (right hand)
 o - an amulet of guardian spirit
 s - an amulet of the acrobat (around neck)
 z - a ring of protection from fire (left hand)
Wands
 f - a wand of iceblast (7)
 n - a wand of light (27)
 q - a wand of paralysis (23)
Scrolls
 b - 5 scrolls of teleportation
 h - 6 scrolls of identify
 i - 2 scrolls of amnesia
 m - 4 scrolls of enchant weapon
 r - 4 scrolls of silence
 u - 2 scrolls of enchant armour
 w - 2 scrolls of torment
 y - a scroll of poison {unknown}
 A - 2 scrolls of magic mapping
 C - a scroll of summoning {unknown}


   Skills:
 + Level 4.6 Fighting
 - Level 1.0 Short Blades
 - Level 5.0 Dodging
 - Level 5.0 Stealth
 + Level 8.7 Spellcasting
 - Level 0.6 Conjurations
 - Level 8.0 Necromancy
 - Level 4.0 Evocations


You had 10 spell levels left.
You knew the following spells:

 Your Spells              Type           Power      Damage    Failure   Level
a - Necrotise             Necr           100%       1d9       1%          1
b - Vampiric Draining     Necr           55%        2d9       1%          3
c - Animate Dead          Necr           55%        N/A       3%          4
d - Agony                 Necr           55%        N/A       9%          5
e - Magic Dart            Conj           40%        1d5       6%          1
f - Searing Ray           Conj           20%        2d5       10%         2

Your spell library contained the following spells:

 Spells                   Type           Power      Damage    Failure   Level
 Apportation              Tloc           16%        N/A       9%          1
 Fulminant Prism          Conj/Hex       4%         3d6       58%         4
 Iskenderun's Battlesphe  Conj           10%        2d6       87%         5
 Freezing Cloud           Conj/Ice/Air   4%         6-21      91%         5
 Alistair's Intoxication  Tmut/Pois      5%         N/A       93%         5
 Iron Shot                Conj/Erth      4%         9d2       100%        6
 Spellforged Servitor     Conj/Summ      4%         N/A       100%        7
 Polar Vortex             Ice            4%         N/A       100%        9
 Simulacrum               Ice/Necr       Unusable   N/A       N/A         6

Dungeon Overview and Level Annotations

Branches:
Dungeon (8/15)             Temple (1/1) D:6           Sewer (visited)
Ossuary (visited)
   Lair: D:8-11

Altars:
Ashenzari
Dithmenos
Fedhas
Gozag
Hepliaklqana
Kikubaaqudgha
Makhleb
Nemelex Xobeh
Okawaru
Qazlal
Ru
Sif Muna
Uskayaw
Vehumet
Xom
Yredelemnul

Annotations:
D:3 Sigmund


Innate Abilities, Weirdness & Mutations

You are immune to poison.
Your flesh is cold resistant. (rC+)
You are immune to negative energy. (rN+++)
You are immune to unholy pain and torment.
You are vulnerable to heat. (rF-)
You are in touch with the powers of death.
You do not drink.


Message History

Casting: Necrotise (safe; 1% risk of failure)
Confirm with . or Enter, or press ? or * to list all spells.
Aiming: Necrotise (safe; 1% risk of failure)
Press: ? - help, Shift-Dir - straight line, f/p - two-headed ogre
Aim: a two-headed ogre, wielding two +0 giant clubs (heavily wounded, poisoned, chance to affect: 70%)
You feel a surge of power!
The two-headed ogre writhes in agony.
Unknown command.
There is an open door here.
Throw: 17 darts (poison)
Press: ? - help, Q - select action, (/) - cycle Shift-Dir - straight line, f/p - two-headed ogre
Aim: a two-headed ogre, wielding two +0 giant clubs (heavily wounded, 74% to hit)
You throw a poisoned dart.
The poisoned dart hits the two-headed ogre.
The two-headed ogre is heavily wounded.
There is an open door here.
A kobold brigand opens the door.
Items here: ))) [.
Found 10 gold pieces.
The kobold brigand shouts!
The kobold brigand throws a curare-tipped dart.
The curare-tipped dart completely misses you.
Found 9 gold pieces.
There is an open door here.
Throw: 16 darts (poison)
Press: ? - help, Q - select action, (/) - cycle Shift-Dir - straight line, f - kobold brigand, p - two-headed ogre
Aim: a kobold brigand, wielding a +0 short sword and quivering curare-tipped darts (51% to hit)
You throw a poisoned dart.
The poisoned dart hits the two-headed ogre.
The two-headed ogre is heavily wounded.
Casting: Necrotise (safe; 1% risk of failure)
Confirm with . or Enter, or press ? or * to list all spells.
Aiming: Vampiric Draining (safe; 1% risk of failure)
Press: ? - help, Shift-Dir - straight line, f - two-headed ogre, p - kobold brigand
Aim: a two-headed ogre, wielding two +0 giant clubs (heavily wounded)
You feel a surge of power!
You draw life force from the two-headed ogre!
You feel life coursing into your body!
The two-headed ogre hits you with a +0 giant club!!!
You die...
Your body crumbles into a pile of gold.

..#.)~~......# #....#...#...#
..#..........# ######..#.#..#O.##
..######.#######....##......#'##
..# #.# ##......##...###.###
..######.# ###..#..#..#'###.....#
.........###.'...##...#)#........
.............'...##...#.#...#.#..
..........####..#..#..'.#....#...
#.........#####.@OK..##.#..(.#...
.............###....###.#...#.#.!
.........###'######## #.#........
................# #K#+#.O...#
..#####.........# ... ###§###
....# #.....~~..# $.. #'### ....#
#......~..## #$ #..$. ....#
#......~...# $ #.$#$. ....#
#........#.# $ #..#$#.


You could see a two-headed ogre and a kobold brigand.

Vanquished Creatures
  A wyvern (D:8)
  3 steam dragons
  A water moccasin (D:8)
  Duvessa (D:4)
  3 orc warriors
  4 ice beasts
  2 sky beasts
  Pargi (Sewer)
  A centaur (D:8)
  A phantom (D:6)
  4 kobold brigands
  3 bullfrogs
  2 scorpions
  A necrophage (D:3)
  6 wights (D:7)
  Dowan (D:4)
  3 howler monkeys (D:7)
  An electric eel (D:8)
  A hound (D:6)
  A jelly (D:8)
  4 orc priests
  Ijyb (D:3)
  Crazy Yiuf (D:2)
  Terence (D:3)
  Natasha (thrice) (D:2)
  4 iguanas
  4 orc wizards
  8 mummies (Ossuary)
  2 gnolls (D:6)
  13 adders
  A shadow imp (D:6)
  A white imp (D:3)
  An ufetubus (D:6)
  7 dart slugs
  26 orcs
  4 endoplasms
  5 giant cockroaches
  A gnoll zombie (Ossuary)
  3 goblins
  9 hobgoblins
  4 jackals (D:2)
  2 quokkas
  4 ball pythons
  3 bats
  4 frilled lizards (D:1)
  A hobgoblin zombie (Ossuary)
  14 kobolds
  2 kobold zombies (Ossuary)
  4 orc zombies (Ossuary)
  3 rats
181 creatures vanquished.

Vanquished Creatures (collateral kills)
  2 adders
2 creatures vanquished.

Vanquished Creatures (others)
  2 fungi (D:2)
  4 toadstools (D:1)
6 creatures vanquished.

Grand Total: 189 creatures vanquished

Notes
Turn   | Place    | Note
-------+----------+-------------------------------------------
     0 | D:1      | sankara the Mummy Necromancer began the quest for the Orb.
     0 | D:1      | Reached XP level 1. HP: 13/13 MP: 4/4
   307 | D:1      | You fall into a shaft and drop 1 floor!
   321 | D:2      | Reached XP level 2. HP: 18/19 MP: 0/5
   410 | D:2      | Gained mutation: You are in touch with the powers of death.
                  | [Mummy growth]
   410 | D:2      | Reached XP level 3. HP: 22/24 MP: 0/7
   414 | D:2      | Learned a level 3 spell: Vampiric Draining
  1131 | D:1      | Reached skill level 1 in Short Blades
  1272 | D:1      | Found a faded altar of an unknown god.
  1749 | D:2      | Reached XP level 4. HP: 30/30 MP: 6/9
  1754 | D:2      | Learned a level 4 spell: Animate Dead
  1848 | D:2      | Noticed Natasha
  1856 | D:2      | Killed Natasha
  2218 | D:2      | Noticed Natasha
  2225 | D:2      | Killed Natasha
  2226 | D:2      | Reached XP level 5. HP: 36/36 MP: 5/10
  2414 | D:2      | Noticed Natasha
  2417 | D:2      | Killed Natasha
  2418 | D:2      | Reached skill level 1 in Fighting
  2418 | D:2      | Reached skill level 5 in Necromancy
  2797 | D:2      | Found a runed translucent door.
  2798 | D:2      | Noticed Crazy Yiuf
  2804 | D:2      | Killed Crazy Yiuf
  3006 | D:3      | Found a glowing drain.
  3083 | Sewer    | Entered a sewer
  3098 | Sewer    | Noticed Pargi
  3106 | Sewer    | Killed Pargi
  3107 | Sewer    | Reached XP level 6. HP: 32/43 MP: 2/12
  3117 | Sewer    | Learned a level 5 spell: Agony
  3349 | D:3      | Noticed Sigmund
  3468 | D:3      | Noticed Ijyb
  3475 | D:3      | Killed Ijyb
  3526 | D:3      | Noticed Terence
  3531 | D:3      | Killed Terence
  3600 | D:3      | Found a radiant altar of Vehumet.
  3602 | D:3      | Found a shadowy altar of Dithmenos.
  4911 | D:3      | Reached XP level 7. HP: 8/48 MP: 14/14
  5388 | D:4      | Noticed Duvessa
  5388 | D:4      | Noticed Dowan
  5401 | D:4      | Killed Dowan
  5402 | D:4      | Reached skill level 5 in Spellcasting
  5402 | D:4      | Killed Duvessa
  5617 | D:4      | Reached skill level 1 in Evocations
  5953 | D:4      | Learned a level 1 spell: Magic Dart
  6098 | D:5      | Entered Level 5 of the Dungeon
  6206 | D:5      | Learned a level 2 spell: Searing Ray
  6206 | D:5      | Found a sand-covered staircase.
  6212 | Ossuary  | Entered an ossuary
  7246 | D:5      | Reached XP level 8. HP: 53/56 MP: 9/16
  8221 | D:6      | Found Cochehaa's Jewellery Boutique.
  8381 | D:6      | Found a staircase to the Ecumenical Temple.
  8439 | Temple   | Entered the Ecumenical Temple
  8570 | Temple   | Became a worshipper of Gozag Ym Sagoz the Greedy
  9521 | D:6      | Reached XP level 9. HP: 63/63 MP: 11/19
  9747 | D:7      | Reached skill level 5 in Stealth
 10720 | D:8      | Reached skill level 5 in Dodging
 11623 | D:8      | Noticed a two-headed ogre
 11628 | D:8      | Reached XP level 10. HP: 12/73 MP: 3/22
 11659 | D:8      | Slain by a two-headed ogre

Illustrated notes

Levels and vault maps discovered:
D:1:      ldierk_walled_garden_2, layout_loops_ring,
          chequers_ecumenical_altar_simple, chequers_serial_rivers_room_b
D:2:      layout_basic, minmay_crystal_water, minmay_tetromino_o2,
          uniq_crazy_yiuf_cottage, uniq_natasha
D:3:      layout_basic, minitemple, gup_sewer_entry_glass, serial_bayou_pond_a,
          uniq_ijyb, uniq_terence, uniq_sigmund
D:4:      layout_basic, uniq_duvessa
D:5:      layout_gridville, enter_ossuary_5
D:6:      layout_loops_ring, temple_doors_e, serial_shops, shop
D:7:      layout_rooms, minmay_large_rounded_square
D:8:      minmay_polygon_palace, layout_basic, grunt_temple_overflow_open,
          minmay_small_thing
Temple:   nicolae_temple_superstar

Skill      XL: |  1  2  3  4  5  6  7  8  9 |
---------------+----------------------------+-----
Spellcasting   | 3 4 5 6 8 |  8.7
Stealth        | 2 3 4 5 |  5.0
Dodging        | 2 3 4 5 |  5.0
Short Blades   | 1 |  1.0
Fighting       | 1 2 3 4 |  4.6
Necromancy     | 5 6 8 |  8.0
Evocations     | 1 2 4 |  4.0
Conjurations   | |  0.6

Action                   |  1- 3 |  4- 6 |  7- 9 | 10-12 || total
-------------------------+-------+-------+-------+-------++-------
Melee: Dagger            |    10 |    70 |    35 |       ||   115
       Punch             |       |     2 |     1 |       ||     3
Throw: Dart              |       |       |     4 |     3 ||     7
 Cast: Necrotise         |    59 |    96 |   207 |     2 ||   364
       Vampiric Draining |     4 |    10 |    30 |     2 ||    46
       Magic Dart        |       |       |    51 |       ||    51
       Searing Ray       |       |       |    30 |       ||    30
       Agony             |       |       |     1 |       ||     1
Evoke: Wand              |       |     1 |     4 |       ||     5
  Use: Scroll            |       |     7 |     5 |     1 ||    13
 Stab: Sleeping          |     1 |     2 |     2 |       ||     5
       Distracted        |       |     1 |       |       ||     1
Armor: Robe              |     5 |    17 |    14 |       ||    36
Dodge: Dodged            |    15 |    78 |   183 |     3 ||   279
